 Dungeon Crawl Stone Soup version 0.25-a0-398-g1920f1ac21 (console) character file.

Game seed: 3260922106985668777, levelgen mode: deterministic

2246 Kagalorn the Quickloader (level 9, -11/81 HPs)
             Began as a Naga Arcane Marksman on Jan 8, 2020.
             Mangled by a kobold
             ... wielding a +2 dagger of distortion
              (21 damage)
             ... on level 4 of the Dungeon.
             The game lasted 00:30:05 (10879 turns).

Kagalorn the Quickloader (Naga Arcane Marksman)    Turns: 10879, Time: 00:30:07

Health: -11/81     AC:  5    Str: 15    XL:     9   Next: 37%
Magic:  10/10      EV:  8    Int: 13    God:
Gold:   564        SH:  0    Dex: 13    Spells: 7/10 levels left

rFire    + . .     SeeInvis +   a - +0 hand crossbow
rCold    . . .     Gourm    .   (no shield)
rNeg     . . .     Faith    .   A - +1 leather armour {rF+}
rPois    +         Spirit   .   (no helmet)
rElec    .         Reflect  .   (no cloak)
rCorr    .         Harm     .   (no gloves)
MR       +....                  (no barding)
Stlth    +++.......             (no amulet)
HPRegen  0.23/turn              (no ring)
MPRegen  0.12/turn              (no ring)

@: lethally poisoned (-11 -> -13), very heavily drained, very slow
A: large, see invisible, deformed body, poison resistance, slowness 2, slow
metabolism 1, spit poison 1, AC +3
a: Spit Poison


You were on level 4 of the Dungeon.
You were hungry.

You visited 2 branches of the dungeon, and saw 9 of its levels.
You also visited: Sewer.

You collected 564 gold pieces.

Inventory:

Hand Weapons
 a - a +0 hand crossbow (weapon)
 b - a +0 short sword
 p - a +0 rapier
 y - a +0 hand axe
Missiles
 d - 18 bolts (quivered)
 g - 4 poisoned darts
 B - a throwing net
Armour
 i - a +0 chain mail
 x - a +0 plate armour
 A - a +1 leather armour of fire resistance (worn)
 D - a +2 large shield
Jewellery
 G - an uncursed ring of ice {unknown}
 H - a +1 ring of protection {unknown}
Wands
 C - a wand of paralysis (8)
 I - a wand of iceblast (1)
Scrolls
 c - a scroll of noise {unknown}
 e - 4 scrolls of enchant weapon {unknown}
 j - 3 scrolls of enchant armour {unknown}
 l - 4 scrolls of remove curse {unknown}
 n - a scroll of random uselessness {unknown}
 o - a scroll of amnesia {unknown}
 r - 10 scrolls of identify {unknown}
 w - a scroll of magic mapping {unknown}
 z - 5 scrolls of fear {unknown}
 J - a scroll of blinking {unknown}
Potions
 k - 2 potions of magic
 m - a potion of berserk rage {unknown}
 q - a potion of brilliance {unknown}
 s - 2 potions of might {unknown}
 t - a potion of lignification {unknown}
 u - a potion of mutation {unknown}
 v - 4 potions of heal wounds
 E - a potion of ambrosia {unknown}
 F - a potion of degeneration {unknown}
Comestibles
 f - 10 rations


   Skills:
 - Level 5.0(2.0) Fighting
 * Level 9.0(5.6) Crossbows
 - Level 1.5(0.0) Dodging
 - Level 8.0(4.7) Stealth
 - Level 1.0(0.0) Spellcasting
 - Level 3.0(0.1) Hexes
 * Level 1.9(0.0) Translocations


You had 7 spell levels left.
You knew the following spells:

 Your Spells              Type           Power        Failure   Level  Hunger
a - Corona                Hex            #......      34%         1    ##.....
g - Blink                 Tloc           N/A          50%         2    ###....

Your spell library contained the following spells:

 Spells                   Type           Power        Failure   Level  Hunger
 Magic Dart               Conj           #...         36%         1    ##.....
 Slow                     Hex            #.......     47%         2    ###....
 Call Imp                 Summ           #.......     50%         2    ###....
 Inner Flame              Hex/Fire       #.......     73%         3    ####...
 Portal Projectile        Hex/Tloc       #.....       73%         3    ####...
 Conjure Flame            Conj/Fire      #.......     75%         3    ####...
 Mephitic Cloud           Conj/Pois/Air  #.......     75%         3    ####...
 Cause Fear               Hex            #.........   98%         4    #####..
 Leda's Liquefaction      Hex/Erth       #.........   98%         4    #####..
 Bolt of Magma            Conj/Fire/Erth #.........   100%        5    ######.
 Iskenderun's Battlesphe  Conj/Chrm      #.......     100%        5    ######.
 Iron Shot                Conj/Erth      #.........   100%        6    #######
 Orb of Destruction       Conj           #.........   100%        7    #######
 Spellforged Servitor     Conj/Summ      #.........   100%        7    #######


Dungeon Overview and Level Annotations

Branches:
Dungeon (8/15)             Temple (1/1) D:4           Sewer (visited)
   Lair: D:8-11

Altars:
Ashenzari
Dithmenos
Elyvilon
Fedhas
Gozag
Kikubaaqudgha
Makhleb
Nemelex Xobeh
Qazlal
Ru
Sif Muna
Trog
Xom
Zin
The Shining One

Annotations:
D:3 3 runed translucent doors, imnir's ghost, novice HOFi
D:4 pantherbaby's ghost, amateur DEWz
D:7 exclusions: door and 2 more exclusions


Innate Abilities, Weirdness & Mutations

You cannot wear boots.
Your serpentine skin is tough. (AC +3)
You have supernaturally acute eyesight. (SInv)
Armour fits poorly on your strangely shaped body.
Your system is resistant to poisons. (rPois)
You cover ground very slowly.
You have a slow metabolism.
You can spit poison.


Message History

Firing (i - inventory. (/) - cycle)
d - 20 bolts (quivered)
Press: ? - help, Shift-Dir - straight line, f/p - big kobold
Aim: a big kobold, wielding a +2 whip of venom (severely wounded)
You shoot a bolt. The bolt closely misses the big kobold.
You feel sick.
The crimson imp disappears in a puff of smoke!
The big kobold barely misses you. The kobold hits you but does no damage.
Space bends around you.
* * * LOW HITPOINT WARNING * * *
The big kobold hits you with a +2 whip of venom.
* * * LOW HITPOINT WARNING * * *
Firing (i - inventory. (/) - cycle)
d - 19 bolts (quivered)
Press: ? - help, Shift-Dir - straight line, f/p - big kobold
Aim: a big kobold, wielding a +2 whip of venom (severely wounded)
You shoot a bolt. The bolt hits the big kobold.
The big kobold is severely wounded.
You feel sick.
The kobold hits you with a +2 dagger of distortion.
* * * LOW HITPOINT WARNING * * *
Space warps horribly around you!!
You die...

.###....§.._......#..##
.<#...............##..#
..#...#§§....§.§####..##
......##§....§.## ##..#
#.....###§....## #..#
#....## ##...## ###.##
#..### #....# #....#
##..# #.#### #####.#..##
#..## #.# #@KKKK....#
##..# #.# #K##W''##.##
#..####.####
###KK...##.#
####.##......#
#..#.#..#.##
#...........##
#♣.#.#.♣#..#
≈.....#######
..#.#..#..## §≈..#.##
####.....##...# §≈§##..#
##..##.)$####..##
≈§§###.#### ##....####
#...#


You could see a big kobold, pantherbaby's ghost and 6 kobolds.

Vanquished Creatures
  2 ice beasts
  A sky beast (D:5)
  3 ogres
  A centaur (D:6)
  2 big kobolds
  5 bullfrogs
  A wyvern zombie (D:8)
  3 scorpions
  A wight (D:6)
  A bullfrog zombie (D:6)
  A crimson imp (D:8)
  A jelly (D:7)
  2 centaur skeletons (D:7)
  5 hounds
  A bullfrog skeleton (D:4)
  An orc wizard (D:4)
  2 iguanas
  7 worker ants
  2 hound skeletons (D:5)
  A howler monkey zombie (D:5)
  A worker ant zombie (D:7)
  7 gnolls (D:6)
  16 adders
  An adder skeleton (D:5)
  5 worms
  A dart slug (D:2)
  8 leopard geckos
  6 orcs
  6 giant cockroaches
  4 hobgoblins
  7 jackals
  21 kobolds
  3 quokkas
  4 ball pythons
  A ball python skeleton (D:4)
  8 bats
  10 frilled lizards
  9 goblins
  A quokka zombie (D:5)
  7 rats
  2 plants (Sewer)
171 creatures vanquished.

Vanquished Creatures (others)
  4 fungi
  5 plants
9 creatures vanquished.

Grand Total: 180 creatures vanquished

Notes
Turn   | Place    | Note
-------+----------+-------------------------------------------
     0 | D:1      | Kagalorn the Naga Arcane Marksman began the quest for the
                  | Orb.
     0 | D:1      | Reached XP level 1. HP: 18/18 MP: 2/2
    47 | D:1      | Reached skill level 1 in Stealth
   159 | D:1      | Reached XP level 2. HP: 24/25 MP: 3/3
   754 | D:1      | Reached XP level 3. HP: 31/31 MP: 4/4
  1282 | D:2      | Reached skill level 5 in Stealth
  1628 | D:2      | Reached XP level 4. HP: 33/38 MP: 5/5
  1922 | D:2      | Found an ancient bone altar of Kikubaaqudgha.
  1922 | D:2      | Found a blossoming altar of Fedhas.
  2364 | D:3      | Found a runed translucent gate.
  2365 | D:3      | Found a runed translucent gate.
  2365 | D:3      | Found a runed translucent gate.
  2367 | D:3      | Noticed imnir's ghost (novice HOFi)
  2367 | D:3      | Noticed a big kobold
  2735 | D:4      | Found a shadowy altar of Dithmenos.
  2758 | D:4      | Found a staircase to the Ecumenical Temple.
  2768 | Temple   | Entered the Ecumenical Temple
  2974 | D:4      | Reached XP level 5. HP: 35/44 MP: 6/6
  2981 | D:4      | Found a glowing drain.
  3001 | Sewer    | Entered a sewer
  4344 | D:4      | Reached skill level 2 in Crossbows
  4414 | D:4      | Reached XP level 6. HP: 41/51 MP: 7/7
  4539 | D:4      | Reached skill level 3 in Crossbows
  4567 | D:4      | Reached skill level 4 in Crossbows
  4605 | D:4      | Found a runed translucent gate.
  4605 | D:4      | Found a runed translucent gate.
  4605 | D:4      | Found a runed translucent gate.
  4607 | D:4      | Noticed pantherbaby's ghost (amateur DEWz)
  4856 | D:4      | Reached XP level 7. HP: 46/57 MP: 8/8
  5053 | D:4      | Found a glowing silver altar of Zin.
  5257 | D:5      | Entered Level 5 of the Dungeon
  5280 | D:4      | Reached skill level 5 in Crossbows
  5728 | D:5      | Reached skill level 6 in Crossbows
  6073 | D:5      | Reached XP level 8. HP: 20/64 MP: 9/9
  7251 | D:6      | Reached skill level 7 in Crossbows
  7278 | D:6      | Found an ancient bone altar of Kikubaaqudgha.
  7728 | D:7      | You fall into a shaft and drop 1 floor!
  8002 | D:7      | Reached skill level 8 in Crossbows
  8218 | D:7      | Learned a level 2 spell: Blink
  8834 | D:7      | Reached XP level 9. HP: 72/79 MP: 10/10
  9180 | D:7      | Reached skill level 1 in Translocations
  9279 | D:6      | Reached skill level 5 in Fighting
 10872 | D:4      | Reached skill level 9 in Crossbows
 10879 | D:4      | Mangled by a kobold

Levels and vault maps discovered:
D:1:      kilobyte_arrival_exit_the_forest, layout_basic
D:2:      layout_loops_corners, grunt_temple_overflow_growth_and_decay
D:3:      layout_loops_ring, gammafunk_ghost_nasty_kobolds, first_ration
D:4:      layout_cave_pods, zin_scriptorium, minmay_temple_entry_mist,
          gammafunk_ghost_nasty_kobolds, gup_sewer_entry_pipe,
          nicolae_dithmenos_the_darkroom
D:5:      layout_rooms
D:6:      layout_gridville, basic_altar
D:7:      layout_basic
D:8:      hangedman_cross_stitches, layout_rooms, special_room
          [special_room_kobold]
Temple:   minmay_temple_bridge_abc

Skill      XL: |  1  2  3  4  5  6  7  8  9 |
---------------+----------------------------+-----
Stealth        | 2 4 5 7 8 |  8.0
Crossbows      | 2 4 6 8 9 |  9.0
Fighting       | 4 5 |  5.0
Translocations | 1 |  1.9
Dodging        | |  1.5
Spellcasting   | |  1.0
Hexes          | |  3.0

Action                   |  1- 3 |  4- 6 |  7- 9 || total
-------------------------+-------+-------+-------++-------
Melee: Unarmed           |    13 |       |       ||    13
       Short sword       |    31 |   355 |   347 ||   733
 Fire: Hand crossbow     |    10 |    12 |   119 ||   141
Throw: Dart              |       |     2 |     9 ||    11
       Throwing net      |       |       |     1 ||     1
 Abil: Spit Poison       |    42 |    80 |    67 ||   189
  Use: Scroll            |       |       |     4 ||     4
       Potion            |       |       |     4 ||     4
 Stab: Sleeping          |     4 |     5 |     4 ||    13
       Distracted        |       |     1 |       ||     1
  Eat: Chunk             |     4 |     9 |     7 ||    20
       Ration            |       |     2 |     3 ||     5
Armor: Robe              |     9 |    23 |       ||    32
       Leather armour    |       |     2 |   145 ||   147
Dodge: Dodged            |    34 |   121 |   224 ||   379

Table legend:
 A = Non-vault XP
 B = Vault XP
 C = Vault XP percentage of total XP
 D = Non-vault monster count
 E = Vault monster count
 F = Vault count percentage of total count
                 A         B        C        D         E       F
            +---------+---------+-------+---------+---------+-------
      Total |    3025 |     184 |   5.7 |     141 |      28 |  16.6
            +---------+---------+-------+---------+---------+-------
        D:1 |      36 |       0 |   0.0 |      23 |       0 |   0.0
        D:2 |      93 |       0 |   0.0 |      20 |       0 |   0.0
        D:3 |      24 |       0 |   0.0 |      17 |       0 |   0.0
        D:4 |     499 |     116 |  18.9 |      21 |       7 |  25.0
        D:5 |     612 |       0 |   0.0 |      13 |       0 |   0.0
        D:6 |     686 |       0 |   0.0 |      19 |       0 |   0.0
        D:7 |     948 |       0 |   0.0 |      25 |       0 |   0.0
        D:8 |     127 |       0 |   0.0 |       3 |       0 |   0.0
      Sewer |       0 |      68 | 100.0 |       0 |      21 | 100.0
            +---------+---------+-------+---------+---------+-------
